 Dungeon Crawl Stone Soup version 0.28.0-1-gb440e238dd (webtiles) character file.

Game seed: 5167017319478154654

11 fknight the Chopper (level 2, 0/27 HPs)
             Began as a Hill Orc Monk on Feb 21, 2022.
             Succumbed to an adder's poison
             ... on level 2 of the Dungeon.
             The game lasted 00:02:38 (1195 turns).

fknight the Chopper (Hill Orc Monk)                 Turns: 1195, Time: 00:02:39

Health: 0/27       AC:  6    Str: 13    XL:     2   Next: 29%
Magic:  2/2        EV:  6    Int: 10    God:
Gold:   103        SH:  0    Dex: 13    Spells: 1/1 levels left

rFire   . . .      SeeInvis .   b - +1 dagger (flame)
rCold   . . .      Faith    .   (no shield)
rNeg    . . .      Spirit   .   c - +0 scale mail
rPois   .          Reflect  .   (no helmet)
rElec   .          Harm     .   (no cloak)
rCorr   .          Rampage  .   (no gloves)
Will    .....                   (no boots)
Stlth   ..........              (no amulet)
HPRegen 0.09/turn               (no ring)
MPRegen 0.08/turn               (no ring)

@: lethally poisoned (0 -> -6), constricted
A: no striking features
a: no special abilities


You were on level 2 of the Dungeon.
You visited 1 branch of the dungeon, and saw 2 of its levels.

You collected 103 gold pieces.

Inventory:

Hand Weapons
 a - a +0 hand axe
 b - a +1 dagger of flaming (weapon)
 e - a +0 shortbow
 h - a +0 hunting sling
Missiles
 g - 9 stones (quivered)
Armour
 c - a +0 scale mail (worn)
Wands
 d - a wand of flame (11)


   Skills:
 + Level 3.8 Fighting
 + Level 4.5 Axes
 + Level 0.2 Armour
 + Level 2.5 Dodging
 + Level 1.5 Stealth


You had one spell level left.
You didn't know any spells.
Your spell library was empty.

Dungeon Overview and Level Annotations

Branches:
Dungeon (2/15)

Altars:


Message History

The adder is severely wounded.
You feel sick.
You are no longer poisoned.
The ball python bites you but does no damage.
The ball python constricts you. The adder bites you.
* * * LOW HITPOINT WARNING * * *
You hit the adder but do no damage.
The adder is severely wounded.
The ball python bites you but does no damage.
The ball python constricts you. The adder bites you but does no damage.
The ball python bites you but does no damage.
The ball python constricts you.
* * * LOW HITPOINT WARNING * * *
The adder barely misses you.
You barely miss the adder.
The adder is severely wounded.
The ball python bites you.
* * * LOW HITPOINT WARNING * * *
The ball python constricts you. The adder barely misses you.
You barely miss the adder.
The adder is severely wounded.
The adder barely misses you.
The ball python bites you but does no damage.
The ball python constricts you.
You closely miss the adder.
The adder is severely wounded.
The adder bites you.
* * * LOW HITPOINT WARNING * * *
You are lethally poisoned!
The adder poisons you!
The ball python bites you but does no damage.
The ball python constricts you.
You miss the adder.
The adder is severely wounded.
* * * LOW HITPOINT WARNING * * *
You feel sick. The adder closely misses you. The ball python barely misses you.
The ball python constricts you. The adder bites you but does no damage.
You hit the adder. You burn the adder.
The adder is almost dead.
You die...

##### ##...##
#@S...#
#.....S.......
#.#.#.....##.#
...##.......
### ###.###.#
.# # .# .#


You could see an adder and a ball python.

Vanquished Creatures
  2 bats (D:1)
  A giant cockroach (D:1)
  3 goblins (D:1)
  2 quokkas (D:1)
  2 frilled lizards (D:1)
10 creatures vanquished.

Vanquished Creatures (others)
  2 withered plants (D:2)
2 creatures vanquished.

Grand Total: 12 creatures vanquished

Notes
Turn   | Place    | Note
-------+----------+-------------------------------------------
     0 | D:1      | fknight the Hill Orc Monk began the quest for the Orb.
     0 | D:1      | Reached XP level 1. HP: 19/19 MP: 1/1
   465 | D:1      | Reached XP level 2. HP: 27/27 MP: 2/2
  1194 | D:2      | HP: 1/27 [poisoned by an adder]
  1195 | D:2      | Succumbed to an adder's poison

Illustrated notes

Levels and vault maps discovered:
D:1:      evilmike_arrival_plus, layout_basic
D:2:      layout_loops_ring, shapermc_ecumenical_altar_mp_highgroup,
          serial_undead, serial_undead_a, serial_undead_b, serial_undead_b,
          serial_undead_e, serial_undead_e, serial_undead_b

Action                   || total
-------------------------++-------
Melee: Dagger            ||    41
       Hand axe          ||     9
       Punch             ||     1
  Use: Scroll            ||     3
       Potion            ||     2
Armor: Scale mail        ||    24
Dodge: Dodged            ||    43
